 Dungeon Crawl Stone Soup version 0.17.1-2-g5865329 (webtiles) character file.

66 RedPan the Conjurer (level 3, -7/26 HPs)
             Began as a Draconian Conjurer on Jan 21, 2016.
             Mangled by a gnoll
             ... wielding a +0 spear
              (9 damage)
             ... on level 2 of the Dungeon.
             The game lasted 00:12:22 (650 turns).

RedPan the Conjurer (Draconian Conjurer)             Turns: 650, Time: 00:12:22

Health: -7/26      AC:  6    Str: 10    XL:     3   Next: 96%
Magic:  7/7        EV: 13    Int: 16    God:
Gold:   51         SH:  0    Dex: 11    Spells: 1 memorised, 7 levels left

rFire  x . .     SeeInvis .     k - +1 short sword (freeze)
rCold  + . .     Clarity  .     (armour unavailable)
rNeg   . . .     SustAt   .     (no shield)
rPois  .         Gourm    .     (helmet restricted)
rElec  .         Spirit   .     (no cloak)
rCorr  .         Warding  .     p - +0 pair of gloves
rMut   .         Stasis   .     (no boots)
MR     .....                    (no amulet)
Stlth  ++........               r - ring of ice
                                q - +1 ring of evasion

@: not resistant to hostile enchantments, unstealthy
A: unfitting armour, cold-blooded, AC +5
a: no special abilities


You were on level 2 of the Dungeon.
You were not hungry.

You visited 1 branch of the dungeon, and saw 2 of its levels.

You collected 51 gold pieces.

Inventory:

Hand Weapons
 k - a +1 short sword of freezing (weapon)
Armour
 p - a +0 pair of gloves (worn)
Jewellery
 q - a +1 ring of evasion (left hand)
 r - a ring of ice (right hand)
Scrolls
 e - a scroll of teleportation {unknown}
 h - a scroll of noise {unknown}
 i - a scroll of remove curse {unknown}
 j - a scroll of enchant weapon {unknown}
 m - a scroll of blinking {unknown}
Potions
 d - a potion of degeneration {unknown}
 l - a potion of cancellation {unknown}
 n - a potion of resistance {unknown}
 o - a potion of flight {unknown}
 s - a potion of lignification {unknown}
Books
 a - a book of Conjurations

   Spells                             Type                      Level
   a - Magic Dart                     Conjuration                  1
   b - Searing Ray                    Conjuration                  2
   c - Dazzling Spray                 Conjuration/Hexes            3
   d - Fulminant Prism                Conjuration/Hexes            4
   e - Iskenderun's Mystic Blast      Conjuration                  4
   f - Iskenderun's Battlesphere      Conjuration/Charms           5
Comestibles
 b - a bread ration
 c - a chunk of flesh
 f - a slice of pizza
 g - a meat ration


   Skills:
 + Level 2.0 Short Blades
 - Level 1.9 Dodging
 - Level 1.8 Stealth
 - Level 3.0 Spellcasting
 - Level 4.2 Conjurations


You had 7 spell levels left.
You knew the following spells:

 Your Spells              Type           Power        Failure   Level  Hunger
a - Magic Dart            Conj           ###.         4%          1    #......


Dungeon Overview and Level Annotations

Branches:
Dungeon (2/15)

Altars:


Innate Abilities, Weirdness & Mutations

Your plain brown scales are hard (AC +5).
Your body does not fit into most forms of armour.
You are cold-blooded and may be slowed by cold attacks.


Message History

The gnoll hits you from afar with a spear.
The gnoll hits you but does no damage.
You hit the gnoll but do no damage. The gnoll misses you. The gnoll hits you.
* * * LOW HITPOINT WARNING * * *
You are too injured to fight recklessly!
You are too injured to fight recklessly!
You are too injured to fight recklessly!
You closely miss the gnoll. The gnoll barely misses you. The gnoll misses you.
You hit the gnoll. You freeze the gnoll.
The gnoll is severely wounded.
The gnoll hits you but does no damage. The gnoll closely misses you.
You hit the gnoll. You freeze the gnoll.
You kill the gnoll!
The gnoll hits you from afar with a spear.
* * * LOW HITPOINT WARNING * * *
You hit the goblin. You freeze the goblin.
You kill the goblin!
Your Short Blades skill increases to level 2!
The gnoll hits you from afar with a spear!
You die...

......#.## [ ... ♣.♣♣###
# .##.. ..♣♣ ..#.# ♣..♣
#...### ♣..♣ ......##
♣.♣♣ #g####...... ...##
#....gl..# ....# ## #†#
.#....... #@#
....####.##### #.#
.............###.#####.
.#..#........#.........#
.#...........#.#########
....#..........#
....##.......P.#
.#####.......♣P# .#
#.>)......#


You could see a gnoll and a giant newt.

Vanquished Creatures
  An adder (D:2)
  2 gnolls (D:2)
  A worm (D:2)
  4 giant cockroaches
  6 goblins
  3 hobgoblins (D:1)
  A quokka (D:2)
  5 bats
  A giant gecko (D:2)
  3 giant newts (D:1)
  5 kobolds
  2 rats (D:1)
34 creatures vanquished.

Notes
Turn   | Place    | Note
--------------------------------------------------------------
     0 | D:1      | RedPan the Draconian Conjurer began the quest for the Orb.
     0 | D:1      | Reached XP level 1. HP: 14/14 MP: 3/3
   106 | D:1      | Reached XP level 2. HP: 12/20 MP: 3/5
   446 | D:2      | Reached XP level 3. HP: 24/26 MP: 5/7
   617 | D:2      | Reached skill level 1 in Short Blades
   650 | D:2      | Mangled by a gnoll

Action                   || total
-------------------------++-------
Melee: Unarmed           ||    53
       Short sword       ||    49
 Cast: Magic Dart        ||    21
 Stab: Sleeping          ||     3
